 Dungeon Crawl Stone Soup version 0.30-a0-862-g1aabd4f9c5 (webtiles) character file.

Game seed: 13919865504633667329

10620 Morbidden the Protected (level 11, -6/126 HPs)
             Began as a Barachi Fighter on Mar 9, 2023.
             Was an Elder of Cheibriados.
             Mangled by a stone giant (16 damage)
             ... in a volcano.
             The game lasted 00:11:31 (8268 turns).

Morbidden the Protected (Barachi Fighter)           Turns: 8268, Time: 00:11:32

Health: -6/126     AC: 25    Str: 27 (29) XL:     11   Next: 65%
Magic:  18/18      EV:  2    Int: 20 (22) God:    Cheibriados [****..]
Gold:   325        SH:  6    Dex: 17 (18) Spells: 15/19 levels left

rFire   . . .      SeeInvis .    b - +9 whip of Duty {venom, Will+ Str+3 Dex-3 Stlth+}
rCold   + . .      Faith    +    c - +0 buckler
rNeg    . . .      Spirit   .    F - melded +0 plate armour
rPois   +          Reflect  .    (helmet currently unavailable)
rElec   .          Rampage  .    e - melded +1 cloak {Will+}
rCorr   .          NoTele   +    y - melded +2 pair of gloves
Will    +....                    (boots currently unavailable)
Stlth   +++                      D - amulet of faith
HPRegen 0.41/turn                j - +5 ring of evasion
MPRegen 0.16/turn                u - ring of protection from cold

@: brilliant, tree-form, very slow
A: stationary, stasis, torment immunity, boosted hp, (amphibious), (slowness 1),
(strong legs 1), +LOS
a: Renounce Religion, Bend Time, Temporal Distortion, Slouch


You were in a volcano.
You worshipped Cheibriados.
Cheibriados was greatly pleased with you.
You were a tree.
You visited 3 branches of the dungeon, and saw 10 of its levels.
You also visited: Volcano.

You collected 325 gold pieces.

Inventory:

Hand Weapons
 a - a +1 war axe
 b - the +9 whip of Duty (weapon) {venom, Will+ Str+3 Dex-3 Stlth+}
   (You found it on level 3 of the Dungeon)

   Str:       It affects your strength (+3).
   Dex:       It affects your dexterity (-3).
   Will:      It increases your willpower.
   Stlth:     It makes you more stealthy.
Missiles
 s - 10 boomerangs
 I - 15 poisoned darts (quivered)
 K - a curare-tipped dart
Armour
 c - a +0 buckler (worn)
 e - a +1 cloak of willpower (melded)
 y - a +2 pair of gloves (melded)
 F - a +0 plate armour (melded)
Jewellery
 j - a +5 ring of evasion (left branch)
 u - a ring of protection from cold (right branch)
 v - a ring of flight
 D - an amulet of faith (around neck)
 H - a ring of positive energy
 M - a ring of magical power
 N - a ring of ice
Wands
 o - a wand of iceblast (3)
 w - a wand of polymorph (15)
 A - a wand of paralysis (4)
 O - a wand of flame (5)
Scrolls
 f - a scroll of enchant armour
 g - a scroll of vulnerability
 k - 10 scrolls of identify
 l - a scroll of fear
 m - 2 scrolls of fog
 p - 2 scrolls of noise {unknown}
 q - 2 scrolls of immolation {unknown}
 t - a scroll of enchant weapon
 G - a scroll of silence {unknown}
 J - a scroll of brand weapon {unknown}
Potions
 d - a potion of might
 h - a potion of curing
 i - a potion of mutation {unknown}
 n - a potion of heal wounds {unknown}
 x - a potion of haste {unknown}
 z - a potion of resistance
 B - a potion of ambrosia {unknown}
 C - 2 potions of brilliance
 E - 3 potions of lignification
 L - a potion of magic {unknown}


   Skills:
 * Level 7.4 Fighting
 * Level 6.9(9.0) Axes
 + Level 7.3(8.6) Maces & Flails
 * Level 4.3(5.9) Polearms
 + Level 0.4 Throwing
 * Level 8.8 Armour
 * Level 5.5 Dodging
 + Level 2.1 Stealth
 * Level 6.6 Shields
 * Level 4.9 Spellcasting
 * Level 4.1 Translocations
 * Level 4.2 Invocations
 * Level 5.3 Evocations


You had 15 spell levels left.
You knew the following spells:

 Your Spells              Type           Power      Damage    Failure   Level
a - Manifold Assault      Tloc           32%        N/A       26%         4

Your spell library contained the following spells:

 Spells                   Type           Power      Damage    Failure   Level
 Blink                    Tloc           64%        N/A       4%          2
 Portal Projectile        Hex/Tloc       38%        N/A       19%         3
 Tukima's Dance           Hex            7%         N/A       41%         3
 Blade Hands              Tmut           3%         N/A       99%         5
 Storm Form               Tmut/Air       3%         N/A       100%        7


Dungeon Overview and Level Annotations

Branches:
Dungeon (8/15)             Temple (1/1) D:6            Lair (1/5) D:8
Volcano (1/1)

Altars:
Ashenzari
Cheibriados
Dithmenos
Elyvilon
Fedhas
Hepliaklqana
Kikubaaqudgha
Makhleb
Nemelex Xobeh
Okawaru
Qazlal
Ru
Sif Muna
Trog
Uskayaw
Vehumet
Wu Jian
Xom
Yredelemnul
Zin


Innate Abilities, Weirdness & Mutations

You are a tree.
Your roots penetrate the ground, keeping you stationary.
You cannot be teleported.
You are immune to unholy pain and torment.
Your maximum health is greatly increased.
Your equipment is partially melded.
((You are amphibious.))
((You cover ground slowly.))
((You can hop short distances.))
You have an extended range of vision and can be seen from far away.


Message History

Unknown command.
It was a potion of lignification.
You turn into a tree.
Your +1 cloak of willpower melds into your body.
Your +2 pair of gloves melds into your body.
Your +0 plate armour melds into your body.
You feel less strong-willed.
Your roots penetrate the ground.
The fire elemental hits you. The fire elemental burns you!
* * * LOW HITPOINT WARNING * * *
It was a potion of brilliance.
You feel clever all of a sudden. The fire elemental hits you.
* * * LOW HITPOINT WARNING * * *
The fire elemental burns you!
* * * LOW HITPOINT WARNING * * *
Unknown command.
You feel better. The fire elemental barely misses you.
Unknown command.
Unknown command.
You hit the stone giant.
The stone giant is poisoned.
The stone giant is lightly wounded.
Unknown command.
Unknown command.
Aiming: Paralyse
Press: ? - help, Shift-Dir - straight line, f - stone giant
Aim: a stone giant, quivering large rocks (lightly wounded, very poisoned, chance to affect: 15%)
The stone giant resists with almost no effort.
Unknown command.
Unknown command.
Unknown command.
Aiming: Paralyse
Press: ? - help, Shift-Dir - straight line, f/p - stone giant
Aim: a stone giant, quivering large rocks (lightly wounded, very poisoned, chance to affect: 15%)
The stone giant resists with almost no effort.
The stone giant hits you!
* * * LOW HITPOINT WARNING * * *
You hit the stone giant.
The stone giant looks as sick as possible!
The stone giant is lightly wounded.
The stone giant hits you!
You die...

##### # ....#### #####
.# §≈§....####
##...##.###
≈≈§≈.....8###....#°.8.#
≈≈§§§.......+..∩.CE._.#
≈≈≈≈≈....8###...♣#
§§≈≈≈§..### ##...#
≈≈≈≈≈§.§# #####
≈≈≈≈≈§§..# ≈≈§≈§≈≈§..
≈≈≈≈≈≈≈§≈.. §§§≈≈≈§≈≈..
§§≈§§§§≈...#


You could see a stone giant (extremely poisoned) and a fire elemental.

Vanquished Creatures
  2 two-headed ogres (D:7)
  A black mamba (Lair:1)
  A torpor snail (Lair:1)
  A cane toad (Lair:1)
  2 komodo dragons
  2 hornets
  Prince Ribbit (D:7)
  13 yaks
  2 fire elementals (Volcano)
  9 fire bats
  A steam dragon (D:6)
  Menkaure (D:6)
  3 water moccasins (D:8)
  An orc warrior (D:8)
  2 sky beasts
  2 ice beasts (D:6)
  A black bear (D:8)
  4 ogres
  2 centaurs
  2 kobold brigands (D:8)
  5 bullfrogs
  5 scorpions
  A wight (D:8)
  9 killer bees
  4 howler monkeys
  6 lava snakes (Volcano)
  3 hounds
  4 orc priests
  2 jellies
  A gnoll bouda (D:6)
  2 sleepcaps
  Natasha (thrice) (D:3)
  6 iguanas
  5 orc wizards
  7 gnolls (D:6)
  10 adders
  A white imp (D:8)
  An ufetubus (D:5)
  3 dart slugs
  22 orcs
  10 ball pythons
  4 endoplasms
  5 giant cockroaches
  4 goblins
  8 hobgoblins
  6 jackals
  9 kobolds (D:8)
  2 quokkas
  7 bats
  2 frilled lizards
  4 rats
214 creatures vanquished.

Vanquished Creatures (others)
  38 fungi (D:8)
  51 plants (D:8)
  8 toadstools (Lair:1)
97 creatures vanquished.

Grand Total: 311 creatures vanquished

Notes
Turn   | Place    | Note
-------+----------+-------------------------------------------
     0 | D:1      | Morbidden the Barachi Fighter began the quest for the Orb.
     0 | D:1      | Reached XP level 1. HP: 18/18 MP: 1/1
    97 | D:1      | Reached XP level 2. HP: 17/25 MP: 2/2
  1100 | D:2      | Reached XP level 3. HP: 27/30 MP: 3/3
  1138 | D:2      | Found a faded altar of an unknown god.
  1401 | D:2      | Reached skill level 1 in Spellcasting
  1574 | D:2      | Reached skill level 1 in Dodging
  1576 | D:2      | Reached XP level 4. HP: 35/37 MP: 5/5
  1699 | D:3      | Noticed Natasha
  1708 | D:3      | Killed Natasha
  1797 | D:3      | Identified the +9 whip of Duty {venom, Will+ Str+3 Dex-3
                  | Stlth+}
  1913 | D:3      | Noticed Natasha
  1919 | D:3      | Killed Natasha
  1920 | D:3      | Reached skill level 4 in Armour
  1920 | D:3      | Reached XP level 5. HP: 26/42 MP: 6/6
  2094 | D:3      | Noticed Natasha
  2104 | D:3      | Killed Natasha
  2577 | D:4      | Reached XP level 6. HP: 49/49 MP: 6/8
  2598 | D:4      | Reached skill level 1 in Maces & Flails
  3182 | D:5      | Entered Level 5 of the Dungeon
  3338 | D:5      | Reached skill level 1 in Polearms
  3338 | D:5      | Reached skill level 5 in Armour
  3338 | D:5      | Reached XP level 7. HP: 55/55 MP: 8/10
  3483 | D:5      | Found a sparkling altar of Nemelex Xobeh.
  3772 | D:5      | Learned a level 4 spell: Manifold Assault
  3837 | D:6      | Reached skill level 1 in Evocations
  3861 | D:6      | Reached XP level 8. HP: 48/61 MP: 11/11
  3919 | D:6      | Found a staircase to the Ecumenical Temple.
  3969 | D:6      | Reached skill level 5 in Fighting
  3969 | D:6      | Reached skill level 1 in Translocations
  3980 | Temple   | Entered the Ecumenical Temple
  4062 | Temple   | Became a worshipper of Cheibriados the Contemplative
  4097 | D:6      | Noticed Menkaure
  4104 | D:6      | Killed Menkaure
  4212 | D:6      | Reached skill level 5 in Axes
  4232 | D:6      | Reached skill level 6 in Armour
  4797 | D:6      | Reached skill level 1 in Invocations
  4859 | D:6      | Reached skill level 5 in Shields
  4861 | D:6      | Reached * piety under Cheibriados
  4862 | D:6      | Reached XP level 9. HP: 61/68 MP: 13/13
  5189 | D:7      | Noticed Prince Ribbit
  5195 | D:7      | Killed Prince Ribbit
  5533 | D:7      | Found a white marble altar of Elyvilon.
  5533 | D:7      | Found a stormy altar of Qazlal.
  5534 | D:7      | Found a blossoming altar of Fedhas.
  5548 | D:7      | Noticed a two-headed ogre
  5564 | D:7      | Noticed a two-headed ogre
  5571 | D:7      | Found an iron altar of Okawaru.
  5575 | D:7      | Killed a two-headed ogre
  5576 | D:7      | Reached skill level 7 in Armour
  5580 | D:7      | Killed a two-headed ogre
  5581 | D:7      | Reached skill level 5 in Maces & Flails
  5581 | D:7      | Reached XP level 10. HP: 19/76 MP: 14/16
  5923 | D:7      | Reached ** piety under Cheibriados
  6547 | D:8      | Found a bloodstained altar of Trog.
  6619 | D:8      | Reached *** piety under Cheibriados
  6674 | D:8      | Paralysed by a hornet for 3 turns
  6683 | D:8      | Reached skill level 1 in Stealth
  6843 | D:8      | Reached skill level 8 in Armour
  6920 | D:8      | Found a shadowy altar of Dithmenos.
  7062 | D:8      | Found a staircase to the Lair.
  7285 | D:8      | Reached **** piety under Cheibriados
  7346 | D:8      | Found a sacrificial altar of Ru.
  7653 | Lair:1   | Entered Level 1 of the Lair of Beasts
  7653 | Lair:1   | Noticed a torpor snail
  7654 | Lair:1   | Identified a scroll of acquirement
  7654 | Lair:1   | Acquired a +0 cloak of willpower
  7674 | Lair:1   | Killed a torpor snail
  7675 | Lair:1   | Reached XP level 11. HP: 29/83 MP: 17/17
  7791 | Lair:1   | Reached skill level 5 in Dodging
  7848 | Lair:1   | Reached skill level 5 in Evocations
  7880 | Lair:1   | Found a dark tunnel.
  7889 | Volcano  | Entered a volcano
  8237 | Volcano  | Found a bloodstained altar of Trog.
  8261 | Volcano  | Noticed a stone giant
  8268 | Volcano  | Mangled by a stone giant

Illustrated notes

Levels and vault maps discovered:
D:1:      matt_arrival_los_fun, layout_loops_cross, serial_aquarium,
          aquarium_bridge_long_separate [aquarium_subvault_wall,
          aquarium_subvault_bridge, aquarium_subvault_balcony,
          aquarium_subvault_bridge, aquarium_subvault_bridge,
          aquarium_subvault_bridge], aquarium_window_1, aquarium_window_corner,
          aquarium_window_1, aquarium_view_2f, aquarium_pool_2
D:2:      layout_loops_ring, hellmonk_ecumenical_altar_crossroads
D:3:      layout_rooms, uniq_natasha
D:4:      layout_basic
D:5:      layout_basic, nemelex_altar_shiori, chequers_serial_rivers_large_b
D:6:      layout_basic, minmay_temple_entry_antechambers, minmay_crossroads,
          uniq_menkaure
D:7:      layout_basic, lemuel_round_altar, gammafunk_temple_overflow_claw,
          kennysheep_big_empty_room, grunt_ministairs_15,
          minmay_misc_feat_tower, uniq_prince_ribbit1
D:8:      layout_loops_cross, mainiacjoe_overflow_small_starburst,
          kennysheep_mini_moat, lemuel_crystal_altar,
          due_lair_maze_entry_diamond, nicolae_benzene_ring,
          hangedman_minor_gate_pass
Temple:   nicolae_temple_bog_church
Lair:1:   layout_long_grid, nicolae_volcano_entry_batcave, tgw_fedhas,
          serial_bayou_shore_b
Volcano:  volcano_grotto [vgs_original]

Skill      XL: |  1  2  3  4  5  6  7  8  9 10 11 |
---------------+----------------------------------+-----
Fighting       | 4 5 6 7 |  7.4
Spellcasting   | 1 2 3 4 |  4.9
Dodging        | 1 2 3 4 5 |  5.5
Axes           | 3 4 5 6 |  6.9
Armour         | 4 5 6 7 8 |  8.8
Shields        | 4 5 6 |  6.6
Maces & Flails | 2 4 5 6 7 |  7.3
Polearms       | 1 2 3 4 |  4.3
Evocations     | 1 2 3 4 5 |  5.3
Translocations | 1 2 3 4 |  4.1
Invocations    | 1 2 3 4 |  4.2
Stealth        | 1 2 |  2.1
Throwing       | |  0.4

Action                     |  1- 3 |  4- 6 |  7- 9 | 10-12 || total
---------------------------+-------+-------+-------+-------++-------
  Melee: War axe           |   111 |    23 |       |       ||   134
         Whip              |       |    96 |   179 |   300 ||   575
  Throw: Dart              |       |       |     3 |     1 ||     4
         Boomerang         |       |       |     2 |       ||     2
 Invoke: Slouch            |       |       |       |     2 ||     2
Ability: Hop               |       |       |     4 |     3 ||     7
  Evoke: Wand              |       |       |     1 |     3 ||     4
    Use: Scroll            |       |       |     3 |     7 ||    10
         Potion            |       |       |       |     6 ||     6
   Stab: Paralysed         |       |       |     1 |     5 ||     6
 Armour: Scale mail        |    16 |       |       |       ||    16
         Chain mail        |    51 |    32 |    49 |       ||   132
         Skin              |       |     2 |       |     1 ||     3
         Plate armour      |       |       |    23 |   116 ||   139
  Dodge: Dodged            |    90 |    50 |   102 |   171 ||   413
  Block: Buckler           |    30 |    24 |    41 |    83 ||   178

Table legend: (Time is in decaauts)
 A = Elapsed time spent in this place.
 B = Non-inter-level travel time spent in this place.
 C = Inter-level travel time spent in this place.
 D = Time resting spent in this place.
 E = Time spent auto-exploring this place.
 F = Levels seen in this place.
 G = Mean time per level.
                   A        B        C        D        E       F      G
               +--------+--------+--------+--------+--------+-----+--------+
         Total |  10410 |   9904 |    506 |   1082 |   7016 |  11 |  946.4 |
       Dungeon |   9536 |   9051 |    485 |    924 |   6811 |   8 | 1192.0 |
        Temple |    113 |     93 |     20 |      0 |     81 |   1 |  113.0 |
          Lair |    332 |    332 |      0 |      5 |      0 |   1 |  332.0 |
       Volcano |    428 |    428 |      0 |    153 |    123 |   1 |  428.0 |
               +--------+--------+--------+--------+--------+-----+--------+

Top non-repeatable levels by time:
     D:8: 1947 daAuts
     D:6: 1607 daAuts
     D:7: 1554 daAuts
     D:1: 1216 daAuts
     D:3: 901 daAuts
     D:4: 815 daAuts
     D:2: 781 daAuts
     D:5: 711 daAuts
 Volcano: 428 daAuts
  Lair:1: 332 daAuts
  Temple: 113 daAuts
